 Dungeon Crawl Stone Soup version 0.22-a0-136-g83a10e5 (webtiles) character file.

5 mhoghedin the Chiller (level 1, 0/12 (14) HPs)
             Began as a Ghoul Ice Elementalist on Feb 3, 2018.
             Slain by a gnoll
             ... wielding a +0 halberd
              (12 damage)
             ... on level 1 of the Dungeon.
             The game lasted 00:01:09 (312 turns).

mhoghedin the Chiller (Ghoul Ice Elementalist)       Turns: 312, Time: 00:01:09

HP:   0/12 (14)     AC:  2    Str: 11    XL:     1   Next: 80%
MP:   1/2           EV: 12    Int: 15    God:
Gold: 8             SH:  0    Dex:  9    Spells: 3/4 levels left

rFire    . . .     SeeInvis .   e - +0 short sword
rCold    + . .     Gourm    .   (no shield)
rNeg     + + +     Faith    .   a - +0 robe
rPois    ∞         Spirit   .   (no helmet)
rElec    .         Reflect  .   (no cloak)
rCorr    .         Harm     .   (no gloves)
MR       .....                  (no boots)
Stlth    ++........             (no amulet)
HPRegen  0.00/turn              (no ring)
MPRegen  0.08/turn              (no ring)

@: brilliant, rotting
A: rotting body, claws 1, carnivore, cold resistance 1, negative energy
resistance 3, inhibited regeneration, torment resistance, unbreathing
a: no special abilities


You were on level 1 of the Dungeon.
You were not hungry.

You visited 1 branch of the dungeon, and saw 1 of its levels.

You collected 8 gold pieces.

Inventory:

Hand Weapons
 e - a +0 short sword (weapon)
   (You took it off a kobold on level 1 of the Dungeon)
Armour
 a - a +0 robe (worn)
Scrolls
 f - a scroll of enchant weapon {unknown}
 g - a scroll of immolation {unknown}
 h - a scroll of teleportation {unknown}
Books
 b - a book of Frost
Comestibles
 c - 2 rations


   Skills:
 - Level 1.7 Dodging
 - Level 2.1 Stealth
 + Level 2.0 Spellcasting
   Level 0.7 Conjurations
 + Level 3.5 Ice Magic


You had 3 spell levels left.
You knew the following spells:

 Your Spells              Type           Power        Failure   Level  Hunger
a - Freeze                Ice            ###.         1%          1    #......


Dungeon Overview and Level Annotations

Branches:
Dungeon (1/15)

Altars:


Innate Abilities, Weirdness & Mutations

Your body is rotting away.
You thrive on raw meat.
You are immune to poison.
You have sharp fingernails.
You are carnivorous and can eat meat at any time.
Your flesh is cold resistant. (rC+)
You are immune to negative energy. (rN+++)
You do not regenerate when monsters are visible.
You are immune to unholy pain and torment.
You can survive without breathing.


Message History

Aim: a kobold, wielding a short sword You freeze the kobold.
You kill the kobold!
The kobold shouts!
You now have 0/2 mp.
Things that are here:
a short sword; a kobold corpse
e - a short sword Wield which item (- for none, * to show all)? (? for menu, Esc to quit)
e - a +0 short sword (weapon)
You closely miss the kobold. The kobold hits you with a dagger.
A goblin comes into view. It is wielding a club.
You take 2 damage, and have 11/14 hp.
Aim: a kobold, wielding a dagger You freeze the kobold.
The goblin shouts!
The kobold hits you with a dagger.
You take 1 damage, and have 10/14 hp.
You now have 0/2 mp.
You don't have enough magic to cast that spell.
You closely miss the kobold. The kobold hits you with a dagger.
You take 1 damage, and have 9/14 hp.
You closely miss the kobold. The kobold barely misses you.
You hit the kobold.
You kill the kobold!
You see here a dagger.
You closely miss the goblin. The goblin hits you but does no damage.
A rat comes into view.
You hit the goblin but do no damage. The goblin misses you.
You closely miss the goblin. The goblin misses you.
You hit the goblin. The goblin misses you.
You hit the goblin but do no damage. The goblin hits you but does no damage.
You closely miss the goblin. The goblin hits you with a club.
You take 2 damage, and have 7/14 hp.
You closely miss the goblin. The goblin misses you.
You barely miss the goblin. The goblin hits you with a club.
You take 2 damage, and have 5/14 hp.
Aim: a goblin, wielding a club (moderately wounded)
You freeze the goblin.
You kill the goblin!
You now have 0/2 mp.
You closely miss the rat. The rat closely misses you.
You closely miss the rat. The rat bites you but does no damage.
You hit the rat.
You kill the rat!
Your Spellcasting skill increases to level 2!
Things that are here:
a club; a rat corpse You butcher the rat corpse.
f - a chunk of flesh {@w0} You see here a club.
There isn't anything to butcher here.
You start resting.
You feel your flesh rotting away.
MP restored: 2 You start resting.
Eating a chunk of flesh {@w0}.
You eat the chunk of flesh {@w0}.
You feel more resilient.
This raw flesh tastes great!
You feel your flesh rotting away.
Health restored: 13 Unknown command.
You see here a dagger.
You now have 8 gold pieces.
You feel your flesh rotting away.
f - a scroll labeled LYRYSSESTO You take 1 damage, and have 12/12 hp.
A kobold comes into view.
A kobold is nearby!
The kobold shouts!
The kobold throws a stone.
The stone hits you but does no damage.
You see here a stone.
The kobold throws a stone.
The stone hits you but does no damage.
You see here a stone.
The kobold hits you.
You take 4 damage, and have 8/12 hp.
MASSIVE DAMAGE!!
Aim: a kobold You freeze the kobold.
You kill the kobold!
You now have 1/2 mp.
g - a scroll labeled DYURGH KAMOCAJEXAUFF You see here a stone.
A gnoll comes into view. It is wielding a halberd.
MP restored: 2 You start resting.
Health restored: 12
Okay, then.
Unknown command.
The gnoll shouts!
The gnoll is too close now for your liking.
You aren't carrying any items that you can evoke.
You see here a scroll labeled ATSETOU ERUBI.
h - a scroll labeled ATSETOU ERUBI A bat comes into view.
It was a potion of brilliance.
You feel clever all of a sudden. The gnoll barely misses you.
Aim: a gnoll, wielding a halberd You freeze the gnoll.
The gnoll hits you with a halberd!
Ouch! That really hurt!
You die...

.......................#
######.......###.##)##.##.....#
####.#### #.##)##.##.....# ##.##
###.##...........#
##...###.#.##.##.##.....#
#.....#....##.##.##.....
#######...(............##.#.#
..........(.#...###.........##.##
####.#..........@gb..............
#.#..##..######........###..##
#.#...#..# #...####.....
#.#.#.#..# #b..# #####.#
#.#.#.#..# #...# #........# #...#
#####.#### #.... .# #...## ..


You could see a gnoll and a bat.

Vanquished Creatures
  A goblin (D:1)
  3 kobolds (D:1)
  2 rats (D:1)
6 creatures vanquished.

Notes
Turn   | Place    | Note
-------+----------+-------------------------------------------
     0 | D:1      | mhoghedin the Ghoul Ice Elementalist began the quest for the Orb.
     0 | D:1      | Reached XP level 1. HP: 14/14 MP: 2/2
    55 | D:1      | Reached skill level 2 in Spellcasting
   312 | D:1      | Slain by a gnoll

Vault maps used:
D:1:      dpeg_arrival_chase

Skill      XL: |  1 |
---------------+----+-----
Spellcasting   | 2 |  2.0
Dodging        | |  1.7
Stealth        | |  2.1
Conjurations   | |  0.7
Ice Magic      | |  3.5

Action                   || total
-------------------------++-------
Melee: Short sword       ||    15
       Unarmed           ||     1
 Cast: Freeze            ||     6
  Use: Potion            ||     1
 Stab: Sleeping          ||     1
  Eat: Chunk             ||     1
Armor: Robe              ||     4
Dodge: Dodged            ||     8

Table legend:
 A = Spawn XP
 B = Non-spawn XP
 C = Spawn XP percentage of total XP
 D = Spawn monster count
 E = Non-spawn monster count
 F = Spawn count percentage of total count
 G = Total turns spent on level
                    A         B        C        D         E        F      G
               +---------+---------+-------+---------+---------+-------+---------
         Total |       0 |       8 |   0.0 |       0 |       6 |   0.0 |   312
               +---------+---------+-------+---------+---------+-------+---------
           D:1 |       0 |       8 |   0.0 |       0 |       6 |   0.0 |   312
               +---------+---------+-------+---------+---------+-------+---------

Vault maps used:
D:1:      dpeg_arrival_chase

Table legend:
 A = Turns spent in this place as a percentage of turns spent in the entire game.
 B = Non-inter-level travel turns spent in this place as a percentage of non-inter-level travel turns spent in the entire game.
 C = Inter-level travel turns spent in this place as a percentage of turns spent in this place.
 D = Turns resting spent in this place as a percentage of non-inter-level travel turns spent in this place.
 E = Turns spent auto-exploring this place as a percentage of non-inter-level travel turns spent in this place.
 F = Non-inter-level travel turns spent in this place divided by the number of levels of this place that you've seen.
                   A       B       C       D       E      F
               +-------+-------+-------+-------+-------+----------------------
         Total | 100.0 | 100.0 |   0.0 |  54.5 |  22.8 | 312.0
       Dungeon | 100.0 | 100.0 |   0.0 |  54.5 |  22.8 | 312.0
               +-------+-------+-------+-------+-------+----------------------

Table legend:
 A = Kills in this place as a percentage of kills in entire the game.
 B = Kills by you in this place as a percentage of kills by you in the entire game.
 C = Kills by friends in this place as a percentage of kills by friends in the entire game.
 D = Other kills in this place as a percentage of other kills in the entire game.
 E = Experience gained in this place as a percentage of experience gained in the entire game.
 F = Experience gained in this place divided by the number of levels of this place that you have seen.
                   A       B       C       D       E      F
               +-------+-------+-------+-------+-------+----------------------
         Total | 100.0 | 100.0 |   N/A |   N/A | 100.0 |   8.0
       Dungeon | 100.0 | 100.0 |   N/A |   N/A | 100.0 |   8.0
               +-------+-------+-------+-------+-------+----------------------
